 Dungeon Crawl Stone Soup version 0.17.1-1-g73c8601 (webtiles) character file.

9442 Nakatomy the Fighter (level 11, -3/107 HPs)
             Began as a Minotaur Fighter on Dec 24, 2015.
             Was a Priest of Makhleb.
             Killed by the air
             ... invoked by Gastronok
              (13 damage)
             ... on level 1 of the Lair of Beasts.
             The game lasted 00:45:45 (11973 turns).

Nakatomy the Fighter (Minotaur Fighter)            Turns: 11973, Time: 00:45:46

Health: -3/107     AC: 18    Str: 24    XL:     11   Next: 23%
Magic:  13/13      EV:  5    Int:  5    God:    Makhleb [***...]
Gold:   557        SH:  9    Dex: 10    Spells: 0 memorised, 10 levels left

rFire  . . .     SeeInvis .     a - +0 war axe
rCold  . . .     Clarity  .     b - +0 plate armour
rNeg   . . .     SustAt   .     c - +0 shield
rPois  .         Gourm    .     (helmet restricted)
rElec  .         Spirit   .     (no cloak)
rCorr  .         Warding  .     j - +0 pair of gloves
rMut   .         Stasis   +     C - +0 pair of boots
MR     +....                    J - amulet of stasis
Stlth  ..........               (no ring)
                                I - ring of protection from magic

@: somewhat resistant to hostile enchantments, extremely unstealthy
A: retaliatory headbutt, horns 2
a: Minor Destruction, Lesser Servant of Makhleb, Renounce Religion


You were on level 1 of the Lair of Beasts.
You worshipped Makhleb.
Makhleb was most pleased with you.
You were not hungry.

You visited 3 branches of the dungeon, and saw 13 of its levels.
You also visited: Sewer.

You collected 557 gold pieces.

Inventory:

Hand Weapons
 a - a +0 war axe (weapon)
Armour
 b - a +0 plate armour (worn)
 c - a +0 shield (worn)
 j - a +0 pair of gloves (worn)
 C - a +0 pair of boots (worn)
Jewellery
 l - an uncursed amulet of guardian spirit
 y - an uncursed amulet of clarity
 I - a ring of protection from magic (left hand)
 J - an amulet of stasis (around neck)
Wands
 h - a wand of confusion (40)
 n - a wand of slowing (32)
 r - a wand of magic darts (19)
 x - a wand of teleportation (5)
 F - a wand of magic darts (30)
 G - a wand of polymorph (15)
 L - a wand of teleportation (3)
Scrolls
 f - 6 scrolls of remove curse
 g - 2 scrolls of recharging
 i - 3 scrolls of teleportation {unknown}
 k - 9 scrolls of identify
 u - a scroll of immolation
 H - a scroll of amnesia {unknown}
 K - a scroll of magic mapping {unknown}
 O - a scroll of enchant armour {unknown}
 Q - a scroll of vulnerability {unknown}
Potions
 d - 2 potions of might
 m - 2 potions of agility
 o - 2 potions of flight
 p - 3 potions of degeneration {unknown}
 s - 2 potions of haste
 w - 2 potions of heal wounds
 z - 2 potions of magic
 A - 3 potions of cancellation
 B - a potion of lignification {unknown}
 M - a potion of cure mutation {unknown}
 N - a potion of ambrosia {unknown}
Books
 v - a book of Callings

   Spells                             Type                      Level
   a - Summon Small Mammal            Summoning                    1
   b - Call Imp                       Summoning                    2
   c - Call Canine Familiar           Summoning                    3
   d - Summon Guardian Golem          Hexes/Summoning              3
   e - Summon Lightning Spire         Summoning/Air                4
   f - Summon Ice Beast               Ice/Summoning                4
Comestibles
 e - 12 bread rations
 q - 6 meat rations
 t - a royal jelly
 D - 10 beef jerkies
 P - 24 chunks of flesh


   Skills:
 + Level 13.0 Fighting
 + Level 11.5 Axes
 + Level 11.3 Armour
 - Level 3.7 Shields
 + Level 4.2 Invocations


You had 10 spell levels left.
You didn't know any spells.

Dungeon Overview and Level Annotations

Branches:
Dungeon (10/15)            Temple (1/1) D:7            Lair (2/8) D:10
    Orc: D:9-12

Altars:
Ashenzari
Cheibriados
Dithmenos
Elyvilon
Fedhas
Gozag
Kikubaaqudgha
Makhleb
Nemelex Xobeh
Okawaru
Qazlal
Ru
Sif Muna
Trog
Vehumet
Xom
Yredelemnul
Zin
The Shining One

Annotations:
Lair:1 Gastronok


Innate Abilities, Weirdness & Mutations

You reflexively headbutt those who attack you in melee.
You have a pair of horns on your head.


Message History

You hit the spiny frog.
The spiny frog is almost dead.
You hit the polar bear.
The polar bear is lightly wounded.
The polar bear bites you but does no damage.
You block the polar bear's attack. x2
The spiny frog completely misses you. The polar bear bites you!
* * * LOW HITPOINT WARNING * * *
The polar bear claws you but does no damage.
The polar bear barely misses you.
Unknown command.
Unknown command.
Unknown command.
Unknown command.
Unknown command.
Unknown command.
You block the spiny frog's attack.
Gastronok waves his eye-stalks in wide circles.
The air twists around and strikes you!
You die...

.. ... .####..# ..#
.###)#.#..#### ..##
.............. ...#
............ ...
..........# ..#
..........#######..#
...........##r#P#..#
.............h.F@..#
.....(.......w.....#
....####†########..#
..#####.###.##. ..#
......÷........ ..#
............... ..#
.........#####. ..#
.........# ..(
...........


You could see Gastronok, a polar bear, a spiny frog and a rat.

Vanquished Creatures
  Pikel (D:7)
  2 polar bears (Lair:1)
  Grinder (D:4)
  2 two-headed ogres
  A trapdoor spider zombie (D:9)
  Sigmund (D:3)
  A deep elf mage (D:9)
  4 yaks (Lair:2)
  A basilisk (Lair:2)
  A hippogriff (D:7)
  Edmund (D:4)
  A wyvern (D:9)
  2 water moccasins
  A soldier ant (D:10)
  2 black bears
  A sky beast (D:10)
  3 porcupines
  3 ice beasts
  7 centaurs
  A necrophage (D:10)
  A slave (D:7)
  The ghost of Musteatbrain the Skirmisher, an amateur DsFi (D:4)
  6 orc warriors
  4 phantoms
  6 ogres
  The ghost of Zex the Digger, an amateur GrEE (D:3)
  7 giant frogs
  2 crocodiles
  2 wyvern zombies
  5 scorpions
  A wyvern skeleton (D:9)
  3 killer bees (D:10)
  A crimson imp (D:10)
  A giant frog zombie (D:5)
  2 centaur zombies
  The ghost of Zex the Digger, a weakling GrEE (Sewer)
  2 hounds
  A quasit (D:10)
  2 jellies
  6 orc priests
  13 orc wizards
  3 centaur skeletons
  A giant frog skeleton (D:5)
  5 iguanas
  6 worker ants
  2 killer bee zombies
  A hound zombie (D:9)
  A worker ant zombie (D:8)
  10 adders
  A shadow imp (D:6)
  2 oozes (D:4)
  2 adder skeletons (D:4)
  An adder zombie (D:7)
  4 worms
  11 giant geckos
  46 orcs
  3 ball pythons
  3 bats
  8 giant cockroaches
  8 hobgoblins
  2 quokkas
  A ball python skeleton (D:4)
  6 giant newts
  8 goblins
  17 jackals
  11 kobolds
  A quokka skeleton (D:9)
  A quokka zombie (D:4)
  2 rats (D:1)
  A butterfly (D:7)
  4 plants (Sewer)
277 creatures vanquished.

Vanquished Creatures (others)
  A butterfly (D:7)
  A fungus (Lair:1)
  A plant (Sewer)
3 creatures vanquished.

Grand Total: 280 creatures vanquished

Notes
Turn   | Place    | Note
--------------------------------------------------------------
     0 | D:1      | Nakatomy the Minotaur Fighter began the quest for the Orb.
     0 | D:1      | Reached XP level 1. HP: 19/19 MP: 0/0
   277 | D:1      | Reached XP level 2. HP: 27/27 MP: 1/1
   307 | D:1      | Found a sparkling altar of Nemelex Xobeh.
   911 | D:2      | Noticed Sigmund
  1097 | D:2      | Reached XP level 3. HP: 33/33 MP: 2/2
  1107 | D:2      | Reached skill level 4 in Axes
  1196 | D:3      | Reached skill level 5 in Axes
  1196 | D:3      | Reached XP level 4. HP: 9/40 MP: 1/3
  1537 | D:4      | Noticed Musteatbrain's ghost (amateur DsFi)
  1590 | D:4      | Noticed Edmund
  1648 | D:4      | Killed Edmund
  1648 | D:4      | Reached skill level 7 in Axes
  1648 | D:4      | Reached XP level 5. HP: 11/46 MP: 2/4
  1979 | D:4      | Killed Musteatbrain's ghost
  1979 | D:4      | Reached XP level 6. HP: 52/52 MP: 5/5
  2174 | D:4      | Reached skill level 8 in Axes
  2496 | D:4      | Noticed a phantom
  2589 | D:4      | Killed a phantom
  2589 | D:4      | Reached XP level 7. HP: 54/60 MP: 6/6
  2666 | D:4      | Noticed Grinder
  2667 | D:4      | Paralysed by Grinder for 4 turns
  2691 | D:4      | Killed Grinder
  2691 | D:4      | Reached skill level 5 in Fighting
  2691 | D:4      | Reached skill level 9 in Axes
  2961 | D:4      | Found a glowing silver altar of Zin.
  2962 | D:4      | Found an opulent altar of Gozag.
  3017 | D:5      | Entered Level 5 of the Dungeon
  3351 | D:6      | Reached XP level 8. HP: 33/71 MP: 4/7
  3369 | D:6      | Reached skill level 10 in Axes
  3631 | D:6      | Found a glowing drain.
  3649 | Sewer    | Entered a sewer
  3767 | Sewer    | Noticed Zex's ghost (weakling GrEE)
  3784 | Sewer    | Killed Zex's ghost
  4480 | D:6      | Found a white marble altar of Elyvilon.
  4484 | D:6      | Found a sacrificial altar of Ru.
  4655 | D:6      | Reached skill level 5 in Armour
  5033 | D:6      | Reached XP level 9. HP: 61/83 MP: 6/8
  5249 | D:6      | Found a shattered altar of Ashenzari.
  6320 | D:7      | Reached skill level 10 in Fighting
  6430 | D:7      | Found a blossoming altar of Fedhas.
  6497 | D:7      | Noticed Pikel
  6886 | D:8      | Reached skill level 11 in Fighting
  7194 | D:7      | Found a staircase to the Ecumenical Temple.
  7207 | Temple   | Entered the Ecumenical Temple
  7306 | Temple   | Became a worshipper of Makhleb the Destroyer
  7595 | D:7      | Found a stormy altar of Qazlal.
  7864 | D:7      | Noticed an ogre
  7870 | D:7      | Killed an ogre
  7870 | D:7      | Reached XP level 10. HP: 50/96 MP: 9/9
  8163 | D:7      | Reached * piety under Makhleb
  8356 | D:3      | Killed Sigmund
  8407 | D:3      | Found a radiant altar of Vehumet.
  8483 | D:3      | Noticed Zex's ghost (amateur GrEE)
  8492 | D:3      | Killed Zex's ghost
  9119 | D:8      | Noticed a centaur zombie
  9176 | D:7      | Killed Pikel
  9176 | D:7      | Reached skill level 10 in Armour
  9391 | D:7      | Reached skill level 12 in Fighting
  9594 | D:7      | Reached ** piety under Makhleb
  9636 | D:8      | Killed a centaur zombie
  9636 | D:8      | Reached skill level 1 in Invocations
 10857 | D:10     | Entered Level 10 of the Dungeon
 10909 | D:10     | Reached *** piety under Makhleb
 11108 | D:10     | Found a staircase to the Lair.
 11147 | D:10     | Found a shattered altar of Ashenzari.
 11595 | D:10     | Reached XP level 11. HP: 105/105 MP: 12/12
 11615 | Lair:1   | Entered Level 1 of the Lair of Beasts
 11772 | Lair:1   | Noticed Gastronok
 11914 | Lair:1   | Reached skill level 13 in Fighting
 11973 | Lair:1   | Killed from afar by Gastronok

Action                   |  1- 3 |  4- 6 |  7- 9 | 10-12 || total
-------------------------+-------+-------+-------+-------++-------
Melee: War axe           |    86 |   111 |   432 |   381 ||  1010
  Use: Potion            |       |       |     3 |     1 ||     4
       Scroll            |       |       |       |    10 ||    10
  Eat: Chunk             |     1 |     5 |    15 |    12 ||    33
       Fruit             |       |       |     1 |       ||     1
       Beef jerky        |       |       |     1 |       ||     1
       Pizza             |       |       |       |     1 ||     1
